 Dungeon Crawl Stone Soup version 0.30-a0-422-g946f4849ff (webtiles) character file.

Game seed: 3291112427544061892

19870 lunkers the Skirmisher (level 13, 0/113 HPs)
             Began as a Meteoran Fighter on Dec 8, 2022.
             Was a Believer of Uskayaw.
             Slain by an elephant (3 damage)
             ... on level 5 of the Lair of Beasts.
             The game lasted 00:27:25 (5376 turns).

lunkers the Skirmisher (Meteoran Fighter)           Turns: 5376, Time: 00:27:26

Health: 0/113      AC: 34    Str: 18    XL:     13   Next: 36%
Magic:  0/22       EV:  5    Int: 12    God:    Uskayaw [**....]
Gold:   939        SH:  6    Dex: 20    Spells: 12/12 levels left

rFire   . . .      SeeInvis +    a - +8 sling of Levvic {drain, rC+ Dex+4}
rCold   + + .      Faith    .    c - +0 buckler
rNeg    + . .      Spirit   +    w - +2 crystal plate armour {rC+}
rPois   +          Reflect  .    (no helmet)
rElec   .          Harm     .    m - +2 ratskin cloak {*Rats rPois rN+ Str-1 Int-1 Dex+1}
rCorr   .          Rampage  .    y - +1 pair of gloves
Will    +....                    f - +2 pair of boots
Stlth   ..........               e - amulet of guardian spirit
HPRegen 0.38/turn                q - +4 ring of protection
MPRegen 0.18/turn                J - ring of see invisible

@: glowing
A: sense surroundings 2, otherworldly, glowing, explore regen
a: Renounce Religion, Stomp, Line Pass


You were on level 5 of the Lair of Beasts.
You worshipped Uskayaw.
Uskayaw was aware of your devotion.
You visited 2 branches of the dungeon, and saw 12 of its levels.
You also visited: Sewer and Ice Cave.

You collected 939 gold pieces.

Inventory:

Hand Weapons
 a - the +8 sling of Levvic (weapon) {drain, rC+ Dex+4}
   (You found it on level 6 of the Dungeon)

   A truly terrible weapon, it drains the life of any living foe it strikes.
   Dex:       It affects your dexterity (+4).
   rC:        It protects you from cold.
 b - a +2 dagger of flaming
 o - a +1 scimitar of flaming
 v - a +0 whip of flaming
 x - a +0 rapier of protection
 A - a +2 dagger of speed
 C - a +1 long sword
Missiles
 B - a curare-tipped dart
 E - a throwing net
Armour
 c - a +0 buckler (worn)
 f - a +2 pair of boots (worn)
 m - the +2 ratskin cloak (worn) {*Rats rPois rN+ Str-1 Int-1 Dex+1}
   (You found it on level 4 of the Dungeon)

   When the wearer is hurt, rats may emerge from it to assist them.
   Str:       It affects your strength (-1).
   Int:       It affects your intelligence (-1).
   Dex:       It affects your dexterity (+1).
   rPois:     It protects you from poison.
   rN:        It protects you from negative energy.
 n - a +2 leather armour of cold resistance
 p - the +0 scale mail of Forking Paths {+Blink}
   (You found it on level 5 of the Dungeon)

   +Blink:    It lets you blink.
 s - a +2 robe of willpower
 w - a +2 crystal plate armour of cold resistance (worn)
 y - a +1 pair of gloves (worn)
 G - +0 steam dragon scales
 I - a +2 crystal plate armour of cold resistance
 K - a +0 hat
Jewellery
 e - an amulet of guardian spirit (around neck)
 q - a +4 ring of protection (left hand)
 H - an amulet of the acrobat
 J - a ring of see invisible (right hand)
Wands
 d - a wand of flame (26)
 t - a wand of light (4)
Scrolls
 h - a scroll of fear
 r - 3 scrolls of teleportation
 N - a scroll of magic mapping
Potions
 g - a potion of attraction
 i - a potion of haste {unknown}
 j - 4 potions of might
 k - 4 potions of flight
 l - 2 potions of lignification
 u - 6 potions of heal wounds
 z - a potion of magic {unknown}
 D - a potion of resistance {unknown}
 F - 5 potions of curing
Miscellaneous
 L - a phial of floods


   Skills:
 + Level 10.2 Fighting
 - Level 9.9 Short Blades
 + Level 11.5 Ranged Weapons
 + Level 8.8 Armour
 - Level 8.3 Dodging
 - Level 3.6 Shields
 + Level 11.4 Invocations


You had 12 spell levels left.
You didn't know any spells.
Your spell library contained the following spells:

 Spells                   Type           Power      Damage    Failure   Level
 Cigotuvi's Dreadful Rot  Necr/Pois/Air  0%         N/A       100%        2
 Ensorcelled Hibernation  Hex/Ice        0%         N/A       100%        2
 Passwall                 Tmut/Erth      0%         N/A       100%        2
 Frozen Ramparts          Ice            0%         1d1       100%        3
 Spider Form              Tmut/Pois      0%         N/A       100%        3
 Swiftness                Air            0%         N/A       100%        3
 Tukima's Dance           Hex            0%         N/A       100%        3
 Anguish                  Hex/Necr       0%         N/A       100%        4
 Dispel Undead            Necr           0%         3d6       100%        4
 Ice Form                 Ice/Tmut       0%         N/A       100%        4
 Passage of Golubria      Tloc           0%         N/A       100%        4
 Summon Ice Beast         Ice/Summ       0%         N/A       100%        4
 Yara's Violent Unravell  Hex/Tmut       0%         3d3       100%        5
 Death Channel            Necr           0%         N/A       100%        6
 Chain Lightning          Conj/Air       0%         N/A       100%        9
 Fire Storm               Conj/Fire      0%         5d1       100%        9
 Shatter                  Erth           0%         3d5*      100%        9


Dungeon Overview and Level Annotations

Branches:
Dungeon (8/15) Zot: 1273     Lair (5/5) D:8 Zot: 1296  Spider (0/4) Lair:2
  Slime (0/5) Lair:4        Sewer (visited)           IceCv (visited)
 Temple: D:4-7        Swamp: Lair:2-3    Shoals: Lair:2-3

Altars:
Dithmenos
Ru
Uskayaw
The Shining One
Jiyva


Innate Abilities, Weirdness & Mutations

You passively map the area around you.
You are easily found by Zot.
You glow in the dark.
You regain HP and MP as you explore.


Message History

Your hell rat bites the elephant!
The elephant tramples you but does no damage.
The elephant trunk-slaps you.
* * * LOW MAGIC WARNING * * *
* * * LOW HITPOINT WARNING * * *
The elephant tramples you but does no damage.
The elephant trunk-slaps you but does no damage.
The elephant barely misses you.
The elephant trunk-slaps you but does no damage.
As you read the scroll of fear, it crumbles to dust.
You assume a fearsome visage.
The komodo dragon looks frightened!
The elephant looks frightened!
The elephant easily resists.
The elephant looks frightened!
The elephant easily resists.
Your hell rat bites the elephant!
Your hell rat drains the elephant.
Your hell rat's attack snaps the elephant out of its fear.
The elephant tramples you but does no damage.
The elephant trunk-slaps you but does no damage.
The elephant tramples you.
* * * LOW HITPOINT WARNING * * *
You hold your ground!
The elephant trunk-slaps you but does no damage.
The elephant completely misses you.
The elephant trunk-slaps you but does no damage.
Fire: a) +8 sling of Levvic {drain, rC+ Dex+4}
Press: ? - help, Q - select action, (/) - cycle Shift-Dir - straight line, f/p - elephant
Aim: an elephant (severely wounded, lightly drained, 93% to hit)
Okay, then.
Fire: a) +8 sling of Levvic {drain, rC+ Dex+4}
Press: ? - help, Q - select action, (/) - cycle Shift-Dir - straight line, f/p - elephant
Aim: an elephant (severely wounded, lightly drained, 93% to hit)
You shoot a sling bullet.
The sling bullet hits the elephant but does no damage.
You drain the elephant.
The elephant is almost dead.
Your hell rat bites the elephant.
The elephant tramples you but does no damage.
The elephant trunk-slaps you but does no damage.
The elephant tramples you but does no damage.
The elephant trunk-slaps you.
You die...

,, * , ,* ,,
,,,## *,* ,, , ,
,, ,, .#..,,
####* * ,
#...####..### ..
, ,
,....l.#...#.#...
, ,
................,
, ,
.....8..r..8....
, ,
,......YYY=Y.....
, , ~
.....##@.†###...
, #...# #####
#.$. , , , ##....
### #....
*#...##.##....# ,
#....8....... ,
#........# , ~
#.<.# , ,, , ~ ,
#..##,, ,, , , *
P..Y. * , ,


You could see 4 elephants, a komodo dragon (fleeing) and a friendly hell rat.

Vanquished Creatures
  A white draconian (IceCv)
  Snorg (Lair:3)
  A hydra (Lair:1)
  Erica (D:8)
  8 elephants
  Joseph (D:7)
  An ice statue (IceCv)
  9 cane toads
  Maggie (D:7)
  4 rime drakes (IceCv)
  5 komodo dragons
  4 blink frogs (Lair:4)
  A slime creature (Lair:4)
  3 wyverns
  16 yaks
  2 basilisks
  8 water moccasins
  3 ice beasts
  A black bear (D:5)
  A centaur (D:8)
  4 wolves (Lair:5)
  3 lemures (D:5)
  A phantom (D:5)
  5 kobold brigands (Sewer)
  3 bullfrogs
  A gnoll sergeant (D:8)
  2 necrophages (D:6)
  A scorpion (D:7)
  A cane toad simulacrum (Lair:1)
  3 wights (D:8)
  2 elephant simulacra (Lair:1)
  3 lindwurm simulacra (IceCv)
  A killer bee (D:8)
  2 gnoll boudas
  4 jellies
  5 komodo dragon simulacra (IceCv)
  2 iguanas
  3 orc wizards
  6 acid dragon simulacra (IceCv)
  12 gnolls
  2 adders (Sewer)
  3 river rats (Sewer)
  5 shadow imps
  4 white imps (D:8)
  An ufetubus (D:8)
  7 steam dragon simulacra (IceCv)
  2 worms (Sewer)
  A dart slug (D:5)
  10 orcs
  9 ball pythons
  6 endoplasms
  3 giant cockroaches
  2 goblins (D:1)
  2 hobgoblins (D:1)
  4 jackals (D:1)
  4 kobolds (Sewer)
  2 quokkas (D:6)
  3 bats (D:1)
  2 frilled lizards (D:1)
  6 rats (D:1)
214 creatures vanquished.

Vanquished Creatures (collateral kills)
  Pikel (D:5)
  An ice statue (IceCv)
  A wyvern (Lair:4)
  A yak (Lair:4)
  A water moccasin (Lair:2)
  An ice beast (D:5)
  A hound (D:5)
  An iguana (D:6)
  Ijyb (D:5)
9 creatures vanquished.

Vanquished Creatures (others)
  An orc wizard (D:8)
  A demonic plant (D:8)
  3 fungi
  6 plants
11 creatures vanquished.

Grand Total: 234 creatures vanquished

Notes
Turn   | Place    | Note
-------+----------+-------------------------------------------
     0 | D:1      | lunkers the Meteoran Fighter began the quest for the Orb.
     0 | D:1      | Reached XP level 1. HP: 19/19 MP: 2/2
    70 | D:1      | Reached XP level 2. HP: 26/26 MP: 3/3
   234 | D:1      | Reached XP level 3. HP: 29/31 MP: 4/4
   366 | D:2      | You fall into a shaft and drop 2 floors!
   431 | D:4      | Found the +2 ratskin cloak {*Rats rPois rN+ Str-1 Int-1
                  | Dex+1}
   528 | D:4      | Reached XP level 4. HP: 24/38 MP: 5/5
   548 | D:5      | Entered Level 5 of the Dungeon
   552 | D:5      | Noticed Ijyb
   563 | D:5      | Killed Ijyb
   568 | D:5      | Reached skill level 5 in Short Blades
   568 | D:5      | Reached XP level 5. HP: 30/45 MP: 6/6
   624 | D:5      | Identified the +0 scale mail of Forking Paths {+Blink}
   688 | D:5      | Noticed a black bear
   706 | D:5      | Killed a black bear
   707 | D:5      | Reached XP level 6. HP: 47/51 MP: 7/7
   791 | D:5      | Found a shadowy altar of Dithmenos.
   943 | D:5      | Noticed an ice beast
   958 | D:5      | Killed an ice beast
   959 | D:5      | Reached XP level 7. HP: 13/57 MP: 8/8
  1164 | D:5      | Noticed Pikel
  1184 | D:5      | HP: 2/57 [Pikel/+0 whip of flaming (4)]
  1192 | D:5      | Killed Pikel
  1193 | D:5      | Reached XP level 8. HP: 2/63 MP: 9/9
  1274 | D:6      | Identified the +8 sling of Levvic {drain, rC+ Dex+4}
  1343 | D:6      | Found a sacrificial altar of Ru.
  1459 | D:6      | Found a glowing drain.
  1474 | Sewer    | Entered a sewer
  1518 | Sewer    | Gained mutation: You passively map the area around you.
                  | [Meteoran growth]
  1518 | Sewer    | Reached XP level 9. HP: 44/70 MP: 10/10
  1626 | Sewer    | Reached skill level 5 in Ranged Weapons
  1843 | Sewer    | Glimpsed the power of Zot.
  1880 | Sewer    | Glimpsed the power of Zot.
  1977 | D:6      | Upgraded the game from 0.30-a0-414-gcb316572d5 to
                  | 0.30-a0-422-g946f4849ff
  2157 | D:7      | Noticed Joseph
  2169 | D:7      | Killed Joseph
  2475 | D:7      | Noticed Maggie
  2483 | D:7      | Killed Maggie
  2484 | D:7      | Reached XP level 10. HP: 65/77 MP: 11/11
  2592 | D:7      | Found a hide-covered altar of Uskayaw.
  2615 | D:7      | Became a worshipper of Uskayaw the Reveller
  2662 | D:8      | Reached * piety under Uskayaw
  2665 | D:8      | Reached skill level 10 in Ranged Weapons
  2712 | D:8      | Reached ** piety under Uskayaw
  2737 | D:8      | Noticed Erica
  2745 | D:8      | Reached *** piety under Uskayaw
  2746 | D:8      | Killed Erica
  2822 | D:8      | Reached **** piety under Uskayaw
  2870 | D:8      | Reached ***** piety under Uskayaw
  2874 | D:8      | Reached skill level 5 in Armour
  2890 | D:8      | Reached ****** piety under Uskayaw
  3047 | D:8      | Reached skill level 5 in Fighting
  3356 | D:8      | Found a staircase to the Lair.
  3368 | Lair:1   | Entered Level 1 of the Lair of Beasts
  3401 | Lair:1   | Reached skill level 5 in Invocations
  3401 | Lair:1   | Reached XP level 11. HP: 76/88 MP: 15/15
  3404 | Lair:1   | Reached skill level 5 in Dodging
  3410 | Lair:1   | Noticed a seven-headed hydra
  3419 | Lair:1   | Killed a seven-headed hydra
  3433 | Lair:1   | You fall into a shaft and drop 1 floor!
  3597 | Lair:1   | Found a frozen archway.
  3617 | IceCv    | Entered an ice cave
  3659 | IceCv    | Noticed an ice statue
  3659 | IceCv    | Noticed an ice statue
  3668 | IceCv    | Killed an ice statue
  3803 | IceCv    | Killed an ice statue
  3972 | IceCv    | Noticed a white draconian
  3989 | IceCv    | Killed a white draconian
  3990 | IceCv    | Reached XP level 12. HP: 78/101 MP: 14/19
  4215 | Lair:2   | Found a glowing golden altar of the Shining One.
  4242 | Lair:2   | Noticed a seven-headed hydra
  4375 | Lair:3   | Noticed Snorg
  4397 | Lair:3   | Killed Snorg
  4955 | Lair:4   | Reached skill level 10 in Invocations
  5251 | Lair:5   | Entered Level 5 of the Lair of Beasts
  5261 | Lair:5   | Reached XP level 13. HP: 91/111 MP: 18/21
  5295 | Lair:4   | Found a staircase to the Slime Pits.
  5312 | Lair:4   | Reached skill level 10 in Fighting
  5314 | Lair:4   | Found a viscous altar of Jiyva.
  5374 | Lair:5   | HP: 5/113 [elephant (3)]
  5375 | Lair:5   | HP: 2/113 [elephant (3)]
  5376 | Lair:5   | Slain by an elephant

Illustrated notes

Levels and vault maps discovered:
D:1:      lemuel_arrival_lava_pool, layout_basic
D:2:      layout_basic, ebering_ecumenical_altar_webs
D:4:      layout_basic, minmay_temple_entry_gardened_gates
D:5:      layout_loops_cross, grunt_dithmenos_shadows, uniq_ijyb, uniq_pikel
D:6:      layout_cave_pools, mainiacjoe_overflow_catwalk, portal_sewer_entry_f,
          hangedman_glass_teeth
D:7:      layout_basic, nicolae_uskayaw_murder_on_the_dancefloor, hex_medium,
          uniq_joseph, uniq_maggie
D:8:      layout_basic, lair_entry_dummy, serial_demonic, serial_demonic_a,
          serial_demonic_d, serial_demonic_a, serial_demonic_c, st_stairs_10,
          small_statue_intersection, uniq_erica
Lair:1:   layout_chaotic_city, portal_ice_cave_entry_ice_simulacra
Lair:2:   layout_long_grid, palyth_hydra_swamp_entry,
          spider_nest_entry_funnel_web, basic_altar, minmay_holes
Lair:3:   layout_cave_pods, uniq_snorg
Lair:4:   layout_big_grid, minmay_slime_entry_pillars
Lair:5:   evilmike_catoblepas_cave, layout_gridlike, serial_bayou_pond_c,
          chequers_serial_rivers_marsh, lemuel_fruit_tree, grunt_megastairs_5

Skill      XL: |  1  2  3  4  5  6  7  8  9 10 11 12 13 |
---------------+----------------------------------------+-----
Short Blades   | 3 4 5 6 7 9 |  9.9
Ranged Weapons | 4 9 10 11 | 11.5
Fighting       | 5 8 9 10 | 10.2
Armour         | 5 6 7 8 |  8.8
Dodging        | 4 8 |  8.3
Invocations    | 5 8 10 11 | 11.4
Shields        | |  3.6

Action                   |  1- 3 |  4- 6 |  7- 9 | 10-12 | 13-15 || total
-------------------------+-------+-------+-------+-------+-------++-------
Melee: Rapier            |    75 |    13 |       |       |       ||    88
       Dagger            |       |    46 |   122 |       |       ||   168
 Fire: Sling             |       |       |   166 |   603 |    58 ||   827
Invok: Stomp             |       |       |       |       |     3 ||     3
Evoke: Wand              |       |       |     3 |     1 |       ||     4
  Use: Potion            |       |     1 |       |       |       ||     1
       Scroll            |       |       |     6 |    11 |     1 ||    18
Armor: Scale mail        |    25 |    31 |    63 |       |       ||   119
       Leather armour    |       |       |     2 |    88 |       ||    90
       Crystal plate arm |       |       |       |   224 |   199 ||   423
Dodge: Dodged            |    32 |    14 |    49 |   184 |    31 ||   310
Block: Buckler           |    33 |     8 |    31 |   122 |    38 ||   232

Table legend: (Time is in decaauts)
 A = Elapsed time spent in this place.
 B = Non-inter-level travel time spent in this place.
 C = Inter-level travel time spent in this place.
 D = Time resting spent in this place.
 E = Time spent auto-exploring this place.
 F = Levels seen in this place.
 G = Mean time per level.
                   A        B        C        D        E       F      G
               +--------+--------+--------+--------+--------+-----+--------+
         Total |   5660 |   5327 |    333 |      0 |   2656 |  14 |  404.3 |
       Dungeon |   2926 |   2795 |    131 |      0 |   1814 |   7 |  418.0 |
          Lair |   1701 |   1499 |    202 |      0 |    743 |   5 |  340.2 |
         Sewer |    558 |    558 |      0 |      0 |     86 |   1 |  558.0 |
      Ice Cave |    474 |    474 |      0 |      0 |     12 |   1 |  474.0 |
               +--------+--------+--------+--------+--------+-----+--------+

Top non-repeatable levels by time:
     D:8: 728 daAuts
     D:5: 625 daAuts
  Lair:4: 559 daAuts
     D:7: 559 daAuts
   Sewer: 558 daAuts
  Lair:3: 554 daAuts
   IceCv: 474 daAuts
     D:6: 459 daAuts
     D:1: 363 daAuts
  Lair:1: 308 daAuts
  Lair:2: 217 daAuts
     D:4: 183 daAuts
  Lair:5: 60 daAuts
     D:2: 6 daAuts
